 Dungeon Crawl Stone Soup version 0.30-a0-652-gcc886f7154 (webtiles) character file.

Game seed: 13783581941418528340

819 wormed the Gusty (level 7, 0/45 HPs)
             Began as an Octopode Warper on Jan 18, 2023.
             Was an Initiate of Gozag.
             Succumbed to a water moccasin's poison
             ... on level 5 of the Dungeon.
             The game lasted 00:10:51 (6395 turns).

wormed the Gusty (Octopode Warper)                  Turns: 6395, Time: 00:10:51

Health: 0/45       AC:  1    Str: 11    XL:     7   Next: 95%
Magic:  10/12      EV: 13    Int: 17    God:    Gozag
Gold:   364        SH:  0    Dex: 11    Spells: 11/13 levels left

rFire   . . .      SeeInvis .      - Unarmed
rCold   . . .      Faith    .    (no shield)
rNeg    . . .      Spirit   .    (helmet restricted)
rPois   .          Reflect  .    (no amulet)
rElec   .          Harm     .    (no ring)
rCorr   .          Rampage  .    (no ring)
Will    .....                    (no ring)
Stlth   ++                       (no ring)
HPRegen 0.27/turn                (no ring)
MPRegen 0.13/turn                (no ring)
                                 (no ring)
                                 (no ring)

@: lethally poisoned (0 -> -7), on blink cooldown
A: almost no armour, amphibious, 8 rings, camouflage 1, gelatinous body 1,
(nimble swimmer 1), tentacles
a: Renounce Religion, Potion Petition, Call Merchant, Bribe Branch


You were on level 5 of the Dungeon.
You worshipped Gozag.
Gozag was aware of your devotion.
You visited 2 branches of the dungeon, and saw 7 of its levels.

You collected 420 gold pieces.
You paid 56 gold pieces to Gozag.

Inventory:

Missiles
 i - 4 poisoned darts (quivered)
Wands
 h - a wand of digging (9)
Scrolls
 a - a scroll of blinking
 k - 2 scrolls of teleportation
 l - a scroll of amnesia
Potions
 b - a potion of flight
 c - 4 potions of curing
 d - a potion of invisibility {unknown}
 e - a potion of haste {unknown}
 f - a potion of brilliance {unknown}
 g - a potion of degeneration {unknown}
 j - a potion of attraction {unknown}
 m - a potion of mutation {unknown}


   Skills:
 - Level 2.7 Fighting
 - Level 1.0 Throwing
 - Level 3.0 Dodging
 - Level 2.7 Unarmed Combat
 + Level 3.9 Spellcasting
 * Level 4.5 Summonings
 - Level 3.1 Translocations
 * Level 4.6 Air Magic


You had 11 spell levels left.
You knew the following spells:

 Your Spells              Type           Power      Damage    Failure   Level
k - Blink                 Tloc           28%        N/A       7%          2

Your spell library contained the following spells:

 Spells                   Type           Power      Damage    Failure   Level
 Lesser Beckoning         Tloc           28%        N/A       7%          2
 Vhi's Electric Charge    Tloc/Air       32%        N/A       10%         3
 Teleport Other           Tloc           14%        N/A       13%         3
 Manifold Assault         Tloc           14%        N/A       41%         4


Dungeon Overview and Level Annotations

Branches:
Dungeon (6/15)             Temple (1/1) D:4

Altars:
Ashenzari
Cheibriados
Elyvilon
Fedhas
Gozag
Hepliaklqana
Makhleb
Nemelex Xobeh
Okawaru
Qazlal
Ru
Sif Muna
Trog
Vehumet
Wu Jian
Xom
Yredelemnul
Zin
The Shining One

Shops:
D:1 (   D:3 :


Innate Abilities, Weirdness & Mutations

You cannot wear most types of armour.
You are amphibious.
You can wear up to eight rings at the same time.
Your skin changes colour to match your surroundings (Stealth+).
Your rubbery body absorbs attacks. (AC +1, EV +1)
((You are camouflaged when in or above water. (Stealth+)))
You have tentacles for arms and can constrict up to eight enemies at once.


Message History

You are poisoned.
The water moccasin poisons you!
You closely miss the water moccasin. Your grab misses the water moccasin.
You feel very sick. The water moccasin bites you.
The water moccasin closely misses you.
You tentacle-slap the water moccasin but do no damage.
Your grab misses the water moccasin. You squeeze the water moccasin.
The water moccasin is lightly wounded.
You feel very sick. The water moccasin closely misses you.
You barely miss the water moccasin. Your grab misses the water moccasin.
Your squeeze misses the water moccasin.
The water moccasin is lightly wounded.
You feel very sick. The water moccasin misses you.
You tentacle-slap the water moccasin. Your grab misses the water moccasin.
The water moccasin is moderately wounded.
You feel sick. The hound closely misses you.
The water moccasin barely misses you. The hound bites you.
The water moccasin closely misses you.
You tentacle-slap the water moccasin. Your grab misses the water moccasin.
The water moccasin is moderately wounded.
You feel sick. The hound misses you. The water moccasin bites you!
Casting: Blink (safe; 7% risk of failure)
Confirm with . or Enter, or press ? or * to list all spells.
You blink.
Found a flail.
You feel sick. The hound barely misses you. The water moccasin bites you!
* * * LOW HITPOINT WARNING * * *
You are lethally poisoned!
The water moccasin poisons you! The hound misses you.
Blink to where?
Press: ? - help, Dir - move target
As you read the scroll of blinking, it crumbles to dust.
* * * LOW HITPOINT WARNING * * *
You feel very sick.
* * * LOW HITPOINT WARNING * * *
You feel very sick.
You climb upwards.
You die...
Your body crumbles into a pile of gold.

....................#...##
#..# [.....................###
##..# .........#............#
##.... ..........#.........###
##..... ..........##.......##
##...... ..........###.....##
###..##... ..........#
##...#######...####.#
..........####............##
###
.........##.....@..........#
...........##..............##
........####................##
.......##
##.................## .......#
#...................# ......##
##...................##
#######
#...................[.#
##....................## ####
##....................#


There were no monsters in sight!

Vanquished Creatures
  A bullfrog (D:6)
  5 necrophages
  A scorpion (D:4)
  A gnoll bouda (D:4)
  3 orc priests
  2 orc wizards
  5 gnolls (D:4)
  5 adders
  An ufetubus (D:5)
  2 worms (D:5)
  5 dart slugs
  8 orcs
  5 ball pythons
  9 bats
  13 endoplasms
  3 giant cockroaches
  7 goblins
  7 hobgoblins
  8 jackals
  A quokka (D:1)
  10 frilled lizards
  2 kobolds
  10 rats
114 creatures vanquished.

Notes
Turn   | Place    | Note
-------+----------+-------------------------------------------
     0 | D:1      | wormed the Octopode Warper began the quest for the Orb.
     0 | D:1      | Reached XP level 1. HP: 14/14 MP: 3/3
   102 | D:1      | Reached XP level 2. HP: 18/19 MP: 5/5
   294 | D:1      | Reached XP level 3. HP: 19/25 MP: 6/6
   444 | D:1      | Found Irus's Weapon Boutique.
  1310 | D:2      | Found a faded altar of an unknown god.
  1421 | D:2      | Reached XP level 4. HP: 30/30 MP: 7/7
  1430 | D:2      | Learned a level 2 spell: Blink
  1971 | D:3      | Found Boucvuh's Book Emporium.
  2287 | D:3      | Found a stormy altar of Qazlal.
  2796 | D:4      | Found a staircase to the Ecumenical Temple.
  2799 | D:4      | Reached skill level 1 in Air Magic
  2802 | D:4      | Noticed a necrophage
  2836 | Temple   | Entered the Ecumenical Temple
  3197 | D:4      | HP: 1/29 [acid (7)]
  3438 | D:5      | Entered Level 5 of the Dungeon
  3451 | D:5      | Noticed a scorpion
  3484 | D:5      | Noticed a necrophage
  3517 | D:5      | Reached skill level 1 in Summonings
  3528 | D:5      | Reached XP level 5. HP: 31/35 MP: 9/9
  3577 | D:5      | Found an opulent altar of Gozag.
  3577 | D:5      | Found a sparkling altar of Nemelex Xobeh.
  3583 | D:5      | Became a worshipper of Gozag Ym Sagoz the Greedy
  3612 | D:5      | Found Siherust's Antique Weapon Shoppe.
  4175 | D:5      | Reached XP level 6. HP: 30/41 MP: 10/10
  4938 | D:4      | Reached XP level 7. HP: 32/45 MP: 12/12
  5392 | D:4      | Found a glowing golden altar of the Shining One.
  5419 | D:4      | Found a glowing silver altar of Zin.
  6394 | D:6      | HP: 1/45 [poisoned by a water moccasin]
  6395 | D:5      | Succumbed to a water moccasin's poison

Illustrated notes

Levels and vault maps discovered:
D:1:      dpeg_arrival_ternary, layout_basic, serial_shops, shop
D:2:      minmay_general_purpose_star, layout_loops_ring,
          basic_ecumenical_altar, nicolae_figureground_pulse
D:3:      layout_basic, nicolae_qazlal_general_emergency, serial_shops, shop,
          hex_intersection, amethyst_killhole
D:4:      nicolae_cairo_tiling_large_dashed, layout_loops_cross,
          mainiacjoe_overflow_two_lobes, minmay_temple_entry_grid
D:5:      layout_cave_pods, grunt_temple_overflow_opulence, serial_shops, shop,
          minmay_fractal_squares_gapless_5
D:6:      layout_loops_corners, mainiacjoe_overflow_alcove_4, uniq_duvessa
Temple:   dpeg_chambers_temple

Skill      XL: |  1  2  3  4  5  6  7 |
---------------+----------------------+-----
Dodging        | 3 |  3.0
Air Magic      | 1 2 3 4 |  4.6
Summonings     | 1 2 3 4 |  4.5
Spellcasting   | 3 |  3.9
Fighting       | |  2.7
Throwing       | |  1.0
Unarmed Combat | |  2.7
Translocations | |  3.1

Action                   |  1- 3 |  4- 6 |  7- 9 || total
-------------------------+-------+-------+-------++-------
Melee: Unarmed           |    86 |   149 |    66 ||   301
       Tentacles         |    21 |    44 |    22 ||    87
       Constrict         |    22 |    41 |    16 ||    79
       Punch             |       |     8 |     2 ||    10
Throw: Throwing net      |       |       |     1 ||     1
 Cast: Blink             |       |     6 |     1 ||     7
  Use: Scroll            |     3 |     7 |     3 ||    13
       Potion            |       |     2 |       ||     2
 Stab: Sleeping          |     6 |     7 |       ||    13
Armor: Skin              |    12 |     7 |     2 ||    21
Dodge: Dodged            |    38 |    93 |    34 ||   165

Table legend: (Time is in decaauts)
 A = Elapsed time spent in this place.
 B = Non-inter-level travel time spent in this place.
 C = Inter-level travel time spent in this place.
 D = Time resting spent in this place.
 E = Time spent auto-exploring this place.
 F = Levels seen in this place.
 G = Mean time per level.
                   A        B        C        D        E       F      G
               +--------+--------+--------+--------+--------+-----+--------+
         Total |   6385 |   5950 |    435 |    104 |   4577 |   7 |  912.1 |
       Dungeon |   6158 |   5745 |    413 |    104 |   4386 |   6 | 1026.3 |
        Temple |    226 |    204 |     22 |      0 |    191 |   1 |  226.0 |
               +--------+--------+--------+--------+--------+-----+--------+

Top non-repeatable levels by time:
     D:4: 1596 daAuts
     D:5: 1238 daAuts
     D:2: 980 daAuts
     D:3: 961 daAuts
     D:1: 916 daAuts
     D:6: 464 daAuts
  Temple: 226 daAuts
